 Dungeon Crawl Stone Soup version 0.28.0-45-g0d030f2227 (webtiles) character file.

Game seed: 16280904286229553170

709 seaoflcl the Skirmisher (level 7, -2/63 HPs)
             Began as a Hill Orc Berserker on Apr 24, 2022.
             Was a Priest of Trog.
             Slain by a scorpion (5 damage)
             ... on level 5 of the Dungeon.
             The game lasted 00:05:43 (6178 turns).

seaoflcl the Skirmisher (Hill Orc Berserker)        Turns: 6178, Time: 00:05:44

Health: -2/63      AC:  6    Str: 22    XL:     7   Next: 68%
Magic:  7/7        EV: 12    Int:  7    God:    Trog [***...]
Gold:   173        SH:  0    Dex: 10    Spells: 6/6 levels left

rFire   + . .      SeeInvis .   b - +4 short sword
rCold   . . .      Faith    .   (no shield)
rNeg    . . .      Spirit   .   n - +2 leather armour {rF+}
rPois   .          Reflect  .   (no helmet)
rElec   .          Harm     .   (no cloak)
rCorr   .          Rampage  .   c - +0 pair of gloves
Will    .....                   (no boots)
Stlth   +.........              (no amulet)
HPRegen 0.20/turn               (no ring)
MPRegen 0.10/turn               (no ring)

@: lethally poisoned (-2 -> -17), hasted, very quick
A: no striking features
a: Renounce Religion, Berserk, Trog's Hand


You were on level 5 of the Dungeon.
You worshipped Trog.
Trog was most pleased with you.
You visited 1 branch of the dungeon, and saw 5 of its levels.

You collected 173 gold pieces.

Inventory:

Hand Weapons
 a - a +0 mace
 b - a +4 short sword (weapon)
Armour
 c - a +0 pair of gloves (worn)
 n - a +2 leather armour of fire resistance (worn)
Magical Staves
 h - a staff of death
Jewellery
 d - a +4 ring of evasion
 e - a ring of willpower
Scrolls
 f - a scroll of enchant armour {unknown}
 i - a scroll of vulnerability {unknown}
 j - a scroll of magic mapping {unknown}
 k - 2 scrolls of teleportation
 l - a scroll of enchant weapon {unknown}
 m - a scroll of amnesia {unknown}
 p - a scroll of blinking {unknown}
 q - a scroll of summoning {unknown}
Potions
 g - a potion of haste
 o - a potion of attraction {unknown}


   Skills:
 * Level 6.1 Fighting
 + Level 1.7 Short Blades
 + Level 5.3 Maces & Flails
 * Level 4.9 Armour
 + Level 3.4 Dodging


You had 6 spell levels left.
You didn't know any spells.
Your spell library was empty.

Dungeon Overview and Level Annotations

Branches:
Dungeon (5/15)             Temple (0/1) D:4

Altars:
Qazlal
Ru
Trog
Yredelemnul

Shops:
D:4 (


Message History

The scorpion stings you but does no damage.
The scorpion stings you.
You are more poisoned.
The scorpion poisons you!
You hit the scorpion.
The scorpion is lightly wounded.
You feel very sick. The scorpion stings you.
You hit the scorpion.
The scorpion is lightly wounded.
You feel very sick. The scorpion stings you.
You are more poisoned.
The scorpion poisons you!
You barely miss the scorpion.
The scorpion is lightly wounded.
You feel very sick.
The scorpion stings you but does no damage.
You closely miss the scorpion.
The scorpion is lightly wounded.
You feel very sick. The scorpion barely misses you.
You hit the scorpion.
The scorpion is moderately wounded.
You feel very sick.
The scorpion stings you but does no damage.
The scorpion stings you.
* * * LOW HITPOINT WARNING * * *
You hit the scorpion but do no damage.
The scorpion is moderately wounded.
You feel very sick. The scorpion stings you!
* * * LOW HITPOINT WARNING * * *
You are more poisoned.
The scorpion poisons you!
You feel yourself speed up.
* * * LOW HITPOINT WARNING * * *
You feel very sick. The scorpion stings you.
You die...

###.######.###### #....#
#.# ......#
###....###.######......#
.......+........+...)..#
###....###....###......#
#<...# #....# ......#
#....# #....# ......#
#....# #.######s.....#
#....# #......@......#
#....# ########......#
#..... ###+### ##....#
...... .......


You could see a scorpion.

Vanquished Creatures
  A shadow (D:5)
  A necrophage (D:4)
  2 wights (D:4)
  A howler monkey (D:4)
  A human zombie (D:4)
  Jessica (D:2)
  An orc wizard (D:4)
  A scorpion zombie (D:4)
  A hound zombie (D:4)
  A hound skeleton (D:4)
  2 mummies (D:4)
  4 adders
  4 gnolls (D:4)
  An ufetubus (D:4)
  4 adder zombies (D:4)
  3 worms
  3 orcs (D:4)
  5 endoplasms
  3 giant cockroaches
  12 goblins
  7 hobgoblins
  3 jackals (D:1)
  8 kobolds
  4 quokkas
  7 ball pythons
  5 bats
  3 frilled lizards
  3 rats
92 creatures vanquished.

Vanquished Creatures (others)
  3 plants
3 creatures vanquished.

Grand Total: 95 creatures vanquished

Notes
Turn   | Place    | Note
-------+----------+-------------------------------------------
     0 | D:1      | seaoflcl the Hill Orc Berserker began the quest for the
                  | Orb.
     0 | D:1      | Reached XP level 1. HP: 19/19 MP: 1/1
   465 | D:1      | Reached XP level 2. HP: 27/27 MP: 2/2
   952 | D:1      | Found a faded altar of an unknown god.
  1041 | D:1      | Reached skill level 4 in Fighting
  1143 | D:1      | Reached XP level 3. HP: 28/33 MP: 3/3
  1295 | D:2      | Noticed Jessica
  1299 | D:2      | Killed Jessica
  1306 | D:2      | Reached XP level 4. HP: 26/40 MP: 4/4
  1683 | D:2      | Reached ** piety under Trog
  3501 | D:4      | Found Zaqeer's Antique Weapon Shoppe.
  3529 | D:4      | HP: 1/37 [wight/+0 scimitar (13)]
  3531 | D:4      | Reached XP level 5. HP: 2/47 MP: 5/5
  3952 | D:4      | Noticed a necrophage
  3958 | D:4      | Killed a necrophage
  3959 | D:4      | Reached skill level 5 in Fighting
  3959 | D:4      | Reached XP level 6. HP: 56/56 MP: 6/6
  3984 | D:4      | Found a basalt altar of Yredelemnul.
  4455 | D:4      | Reached skill level 5 in Maces & Flails
  4603 | D:4      | Reached XP level 7. HP: 61/61 MP: 7/7
  4795 | D:4      | Found a staircase to the Ecumenical Temple.
  5022 | D:4      | Reached skill level 1 in Short Blades
  5038 | D:4      | Reached *** piety under Trog
  5806 | D:4      | Found a sacrificial altar of Ru.
  5817 | D:4      | Found a stormy altar of Qazlal.
  5841 | D:4      | Found a bloodstained altar of Trog.
  5945 | D:5      | Entered Level 5 of the Dungeon
  5954 | D:5      | Noticed a shadow
  5965 | D:5      | Killed a shadow
  5966 | D:5      | Reached skill level 6 in Fighting
  6178 | D:5      | HP: 3/63 [poisoned by a scorpion]
  6178 | D:5      | Slain by a scorpion

Illustrated notes

Levels and vault maps discovered:
D:1:      nagdon_arrival_zigzag_paths, layout_basic, serial_forest,
          infiniplex_forest_clump_small, infiniplex_forest_clump_double,
          infiniplex_forest_end_1, infiniplex_forest_end_1,
          infiniplex_forest_clump_small, infiniplex_forest_diagonal,
          infiniplex_forest_clump_long, chequers_ecumenical_altar_lobes
D:2:      minmay_angry_zag, layout_basic, uniq_jessica
D:3:      layout_basic, serial_bayou_lagoon_b
D:4:      layout_layer_cave, amethyst_overflow_temple_binary,
          lightli_temple_of_fire, lemuel_mausoleum_altar_yredelemnul,
          minmay_temple_entry_purple_smoke, serial_shops, shop
D:5:      layout_basic, mainiacjoe_overflow_concentric_impassable,
          mainiacjoe_overflow_alcove_4, uniq_menkaure

Skill      XL: |  1  2  3  4  5  6  7 |
---------------+----------------------+-----
Fighting       | 4 5 6 |  6.1
Dodging        | 2 3 |  3.4
Armour         | 3 4 |  4.9
Maces & Flails | 4 5 |  5.3
Short Blades   | 1 |  1.7

Action                   |  1- 3 |  4- 6 |  7- 9 || total
-------------------------+-------+-------+-------++-------
Melee: Mace              |    67 |   139 |       ||   206
       Short sword       |       |    60 |    60 ||   120
       Punch             |       |     3 |       ||     3
Invok: Berserk           |       |     2 |     2 ||     4
       Trog's Hand       |       |     1 |       ||     1
  Use: Scroll            |       |     2 |       ||     2
       Potion            |       |       |     1 ||     1
Armor: Animal skin       |    17 |    12 |       ||    29
       Leather armour    |       |    26 |    18 ||    44
Dodge: Dodged            |    52 |   114 |    27 ||   193
